 Dungeon Crawl Stone Soup version 0.21.0-26-g889b8f6 (webtiles) character file.

11837 pk666 the Severer (level 11, -4/112 HPs)
             Began as a Minotaur Berserker on Jan 28, 2018.
             Was a High Priest of Trog.
             Slain by a seven-headed hydra (8 damage)
             ... on level 5 of the Lair of Beasts.
             The game lasted 00:26:02 (10522 turns).

pk666 the Severer (Minotaur Berserker)             Turns: 10522, Time: 00:26:03

Health: -4/112     AC: 16    Str: 25    XL:     11   Next: 54%
Magic:  10/10      EV:  4    Int:  4    God:    Trog [*****.]
Gold:   477        SH:  0    Dex: 10    Spells: 10/10 levels left

rFire    . . .     SeeInvis .   P - +3 battleaxe (flame)
rCold    . . .     Gourm    .   (shield currently unavailable)
rNeg     . . .     Faith    +   I - +0 plate armour
rPois    .         Spirit   .   (helmet restricted)
rElec    .         Reflect  .   u - +2 cloak
rCorr    .         Harm     .   (no gloves)
MR       +....                  r - +1 pair of boots
Stlth    ..........             i - amulet of faith
HPRegen  0.28/turn              t - ring of stealth
MPRegen  0.12/turn              M - ring of Wishful Thinking {+Fly MR+ EV-3} (curse)

@: berserk cooldown
A: retaliatory headbutt, horns 2
a: Berserk, Trog's Hand, Brothers in Arms, Burn Spellbooks, Renounce Religion,
Evoke Flight


You were on level 5 of the Lair of Beasts.
You worshipped Trog.
Trog was extremely pleased with you.
You were not hungry.

You visited 2 branches of the dungeon, and saw 12 of its levels.
You also visited: Ossuary.

You collected 477 gold pieces.

Inventory:

Hand Weapons
 P - a +3 battleaxe of flaming (weapon)
Armour
 r - a +1 pair of boots (worn)
 u - a +2 cloak (worn)
 I - a +0 plate armour (worn)
Jewellery
 i - an amulet of faith (around neck)
 j - an uncursed amulet of magic regeneration {unknown}
 k - a +4 amulet of reflection
 o - an uncursed amulet of magic regeneration {unknown}
 t - a ring of stealth (left hand)
 M - the cursed ring of Wishful Thinking (right hand) {+Fly MR+ EV-3}
   (You found it on level 8 of the Dungeon)

   [ring of evasion]

   It affects your evasion (-3).
   It affects your resistance to hostile enchantments.
   It lets you fly.
   It has a curse placed upon it.
Wands
 f - a wand of acid (11)
 F - a wand of paralysis (18)
 L - a wand of enslavement (12)
Scrolls
 a - a scroll of fear {unknown}
 b - 8 scrolls of identify {unknown}
 e - 4 scrolls of enchant weapon {unknown}
 l - 7 scrolls of teleportation {unknown}
 p - 4 scrolls of remove curse {unknown}
 q - 8 scrolls of random uselessness {unknown}
 y - 3 scrolls of immolation {unknown}
 A - 4 scrolls of noise {unknown}
 C - 3 scrolls of fog {unknown}
 D - a scroll of amnesia {unknown}
 K - a scroll of magic mapping {unknown}
 N - 3 scrolls of blinking {unknown}
 O - 2 scrolls of enchant armour
Potions
 d - a potion of flight {unknown}
 g - 3 potions of invisibility
 h - 9 potions of curing {unknown}
 m - a potion of magic {unknown}
 n - 5 potions of heal wounds
 s - a potion of brilliance {unknown}
 v - 5 potions of degeneration {unknown}
 w - a potion of berserk rage {unknown}
 x - 3 potions of ambrosia {unknown}
 z - 3 potions of lignification {unknown}
 B - a potion of might {unknown}
 E - a potion of cancellation {unknown}
 J - 3 potions of haste {unknown}
Comestibles
 c - 21 rations
 G - a chunk of flesh


   Skills:
 + Level 15.1 Fighting
 + Level 15.2 Axes
 - Level 2.4 Armour
 - Level 2.1 Dodging


You had 10 spell levels left.
You didn't know any spells.

Dungeon Overview and Level Annotations

Branches:
Dungeon (8/15)             Temple (0/1) D:6            Lair (3/6) D:8
  Snake (0/4) Lair:2
  Swamp: Lair:2-4    Shoals: Lair:2-4

Altars:
Ashenzari
Cheibriados
Fedhas
Gozag
Kikubaaqudgha
Makhleb
Qazlal
Trog
Wu Jian


Innate Abilities, Weirdness & Mutations

You reflexively headbutt those who attack you in melee.
You have a pair of horns on your head.


Message History

The seven-headed hydra bites you!
* * * LOW HITPOINT WARNING * * *
The seven-headed hydra bites you.
* * * LOW HITPOINT WARNING * * *
The seven-headed hydra bites you.
* * * LOW HITPOINT WARNING * * *
The seven-headed hydra bites you.
* * * LOW HITPOINT WARNING * * *
As you read the scroll labeled QAIJEA MAGGUZ, it crumbles to dust.
It is a scroll of enchant armour.
Your +0 pair of boots glows green for a moment.
You feel yourself speed up.
The seven-headed hydra closely misses you.
The seven-headed hydra bites you but does no damage. x2
The seven-headed hydra bites you!
* * * LOW HITPOINT WARNING * * *
The seven-headed hydra bites you.
* * * LOW HITPOINT WARNING * * *
The seven-headed hydra bites you!
You die...

## ## #.#####.###
##.........##
#...........#
#....D@.....#
#P.........##
##..%.÷....##
#.†.[.......#
................#
...............##
....#...........#
### #......#....#
#.#....?...###


You could see a seven-headed hydra.

Vanquished Creatures
  3 hydras
  A two-headed ogre (D:8)
  Erica (Lair:1)
  An oklob plant (Lair:2)
  Maurice (D:8)
  A black mamba (Lair:5)
  4 spiny frogs
  3 komodo dragons
  Prince Ribbit (D:6)
  The ghost of tidbits the Insei, an amateur GnTm (D:4)
  Grinder (D:6)
  3 hippogriffs
  A wyvern (Lair:2)
  A basilisk (Lair:2)
  Menkaure (D:6)
  2 nagas (Lair:2)
  3 water moccasins
  4 porcupines
  2 orc warriors
  An ice beast (D:8)
  2 phantoms (D:7)
  A black bear (D:7)
  3 sky beasts
  3 ogres
  7 centaurs
  5 crocodiles
  A bullfrog (Lair:1)
  Blork the orc (D:4)
  A scorpion (D:5)
  2 howler monkeys
  A crimson imp (D:5)
  A bullfrog zombie (D:8)
  2 hounds
  3 orc priests
  2 jellies
  A human zombie (Ossuary)
  Jessica (D:2)
  2 iguanas
  Natasha (twice) (D:2)
  3 orc wizards
  6 worker ants
  2 hound zombies
  3 mummies (Ossuary)
  A worker ant zombie (D:8)
  3 gnolls (D:7)
  9 adders
  A shadow imp (D:7)
  An ooze (D:2)
  2 adder skeletons
  An adder zombie (D:6)
  5 worms
  4 dart slugs
  3 leopard geckos
  18 orcs
  5 giant cockroaches
  A gnoll zombie (Ossuary)
  5 goblins
  6 hobgoblins
  3 kobolds
  A quokka (D:5)
  2 ball pythons
  5 bats
  8 frilled lizards
  2 goblin zombies (Ossuary)
  A jackal skeleton (D:4)
  2 jackal zombies
  3 kobold zombies (Ossuary)
  A leopard gecko skeleton (D:7)
  An orc zombie (Ossuary)
  A quokka skeleton (D:5)
  9 rats
  2 plants (Lair:2)
197 creatures vanquished.

Vanquished Creatures (others)
  A fungus (Lair:2)
  A plant (D:8)
2 creatures vanquished.

Grand Total: 199 creatures vanquished

Notes
Turn   | Place    | Note
-------+----------+-------------------------------------------
     0 | D:1      | pk666 the Minotaur Berserker began the quest for the Orb.
     0 | D:1      | Reached XP level 1. HP: 19/19 MP: 0/0
   289 | D:1      | Reached XP level 2. HP: 24/27 MP: 1/1
   857 | D:2      | Reached XP level 3. HP: 34/34 MP: 2/2
   946 | D:2      | Found a shattered altar of Ashenzari.
  1067 | D:2      | Found an opulent altar of Gozag.
  1091 | D:2      | Noticed Jessica
  1098 | D:2      | Killed Jessica
  1098 | D:2      | Reached ** piety under Trog
  1213 | D:2      | Reached skill level 5 in Axes
  1213 | D:2      | Reached XP level 4. HP: 28/41 MP: 3/3
  1233 | D:2      | Reached skill level 5 in Fighting
  1258 | D:2      | Found a faded altar of an unknown god.
  1552 | D:2      | Noticed Natasha
  1557 | D:2      | Killed Natasha
  1580 | D:2      | Noticed Natasha
  1582 | D:2      | Killed Natasha
  1582 | D:2      | Reached XP level 5. HP: 48/48 MP: 4/4
  1804 | D:3      | Noticed a moth of wrath
  1807 | D:3      | Found a bloodstained altar of Trog.
  2016 | D:3      | Found a snail-covered altar of Cheibriados.
  2073 | D:3      | Reached *** piety under Trog
  2726 | D:4      | Found a burning altar of Makhleb.
  2995 | D:4      | Noticed an ogre
  2997 | D:4      | Killed an ogre
  2997 | D:4      | Reached XP level 6. HP: 58/58 MP: 5/5
  3036 | D:4      | Noticed Blork the orc
  3057 | D:4      | Killed Blork the orc
  3168 | D:4      | Noticed tidbits's ghost (amateur GnTm)
  3186 | D:4      | Killed tidbits's ghost
  3186 | D:4      | Reached XP level 7. HP: 55/66 MP: 6/6
  3802 | D:5      | Entered Level 5 of the Dungeon
  3823 | D:5      | Found a sand-covered staircase.
  3949 | Ossuary  | Entered an ossuary
  4278 | D:5      | Reached **** piety under Trog
  4324 | D:5      | Found a shattered altar of Ashenzari.
  4331 | D:5      | Reached XP level 8. HP: 57/75 MP: 7/7
  5051 | D:6      | Found a staircase to the Ecumenical Temple.
  5080 | D:6      | Noticed Prince Ribbit
  5088 | D:6      | Killed Prince Ribbit
  5122 | D:6      | Noticed Grinder
  5153 | D:6      | Killed Grinder
  5153 | D:6      | Reached skill level 10 in Fighting
  5153 | D:6      | Reached skill level 10 in Axes
  5248 | D:6      | Noticed Menkaure
  5259 | D:6      | Killed Menkaure
  5259 | D:6      | Reached XP level 9. HP: 72/86 MP: 8/8
  5557 | D:7      | Found an ornate altar of the Wu Jian Council.
  6126 | D:7      | Found an ancient bone altar of Kikubaaqudgha.
  6128 | D:7      | Reached ***** piety under Trog
  6139 | D:7      | Found a stormy altar of Qazlal.
  6246 | D:7      | Found a blossoming altar of Fedhas.
  6284 | D:8      | Noticed Maurice
  6290 | D:8      | Paralysed by something for 6 turns
  6310 | D:8      | Paralysed by something for 2 turns
  6318 | D:8      | Killed Maurice
  6450 | D:8      | Got a faintly glowing lapis lazuli ring
  6463 | D:8      | Identified the cursed ring of Wishful Thinking {+Fly MR+ EV-3} (You found it on level 8 of the Dungeon)
  6532 | D:8      | Found a staircase to the Lair.
  6532 | D:8      | Noticed a komodo dragon
  6546 | D:8      | Killed a komodo dragon
  6722 | D:8      | Noticed a two-headed ogre
  6726 | D:8      | Killed a two-headed ogre
  6726 | D:8      | Reached XP level 10. HP: 100/100 MP: 9/9
  7205 | Lair:1   | Entered Level 1 of the Lair of Beasts
  7227 | Lair:1   | Noticed a spiny frog
  7240 | Lair:1   | Killed a spiny frog
  7649 | Lair:1   | Noticed Erica
  7667 | Lair:1   | Killed Erica
  7885 | Lair:1   | Noticed a spiny frog
  7896 | Lair:1   | Killed a spiny frog
  8381 | Lair:1   | Received a gift from Trog
  8507 | Lair:2   | Noticed a spiny frog
  8517 | Lair:2   | Killed a spiny frog
  8710 | Lair:2   | Found a staircase to the Snake Pit.
  8719 | Lair:2   | Reached XP level 11. HP: 60/110 MP: 10/10
  8737 | Lair:2   | Noticed a four-headed hydra
  8750 | Lair:2   | Killed a two-headed hydra
  9544 | Lair:2   | Noticed an oklob plant
  9935 | Lair:2   | Killed an oklob plant
 10227 | Lair:2   | Noticed a six-headed hydra
 10231 | Lair:2   | Killed a three-headed hydra
 10484 | Lair:3   | You fall through a shaft for 2 floors!
 10484 | Lair:5   | Noticed a six-headed hydra
 10492 | Lair:5   | Killed a two-headed hydra
 10492 | Lair:5   | Reached skill level 15 in Fighting
 10492 | Lair:5   | Reached skill level 15 in Axes
 10514 | Lair:5   | Noticed an eight-headed hydra
 10522 | Lair:5   | HP: 4/112 [seven-headed hydra (3)]
 10522 | Lair:5   | Slain by a seven-headed hydra

Skill      XL: |  1  2  3  4  5  6  7  8  9 10 11 |
---------------+----------------------------------+-----
Fighting       | 4 5 6 7 8 10 12 14 15 | 15.1
Axes           | 4 5 6 7 8 10 12 14 15 | 15.2
Armour         | |  2.4
Dodging        | |  2.1

Action                   |  1- 3 |  4- 6 |  7- 9 | 10-12 || total
-------------------------+-------+-------+-------+-------++-------
Melee: Hand axe          |    65 |   131 |   217 |       ||   413
       Headbutt          |     9 |    15 |    91 |    38 ||   153
       War axe           |       |       |    91 |    72 ||   163
       Battleaxe         |       |       |       |    72 ||    72
Invok: Berserk           |       |     2 |     3 |     4 ||     9
       Burn Spellbooks   |       |       |       |     2 ||     2
  Use: Scroll            |       |       |       |     1 ||     1
       Potion            |       |       |       |     1 ||     1
 Stab: Sleeping          |       |       |     3 |       ||     3
  Eat: Chunk             |     1 |     7 |    14 |    10 ||    32
       Ration            |       |       |       |     2 ||     2
Armor: Ring mail         |    24 |    46 |    32 |       ||   102
       Scale mail        |       |       |    22 |       ||    22
       Plate armour      |       |       |    63 |   104 ||   167
Dodge: Dodged            |    40 |    68 |   106 |    28 ||   242
